cohdb
Replays
Latest Replays
All Replays
Popular Replays
Top Player Replays
Match Explorer
How It Works
Community
CoH3 Stats
Reddit
Sign in to upload your games and track your stats! →
Sign in with Steam
Match 45360700
Unlisted
Match 45360700
Overview
Messages
Build Orders
End
Construct Infanterie Kompanie
Kettenkrad Recon Vehicle
Selects Terror Battlegroup
Selects Machine Gun Camouflage
MG 42 Machine Gun Team
Grenadier Squad
Medical Station
MG 42 Machine Gun Team
Grenadier Squad
Grenadier Squad
Construct Panzergrenadier Kompanie
Infanterie Officer Quarters
Support Elements
Selects Contempt for the Weak
Grenadier Squad
GrW 34 Mortar Team
StuG III G Assault Gun
Selects No Quarter
Nebelwerfer 42 Rocket Launcher Team
Pak 40 Anti-tank Gun Team
Panzergrenadier Officer Quarters
Construct Panzer Kompanie
Elite Unit
Bubbciss
0
0
Comments
sign in to comment!
No comments posted yet!